Map: Disco Bloodbath LE

Players

czJOHNcz

  • Race: Terran Terran
  • League: Master
  • Spawn Location: 3:00

zuka - Winner!

  • Race: Protoss Protoss
  • League: Master
  • Spawn Location: 9:00

VOD

Have the link to the VOD?

Description

Time

  • Played on: Oct. 23, 2019, 2:33 p.m.
  • Length: 17:55
Show
View Real Time Build Order
Export as new Build Order

czJOHNcz Terran 

Build Orders: 2 Factory, Mech 

Get SALT Encoding   

  12  0:00  SCV  
  13  0:14  SCV  
  14  0:18  Supply Depot  
  14  0:28  SCV  
  15  0:43  Barracks  
  15  0:44  Refinery  
  15  0:54  Barracks  
  15  0:59  SCV  
  16  1:07  Refinery  
  16  1:12  SCV  
  18  1:25  SCV  
  18  1:32  Reaper  
  19  1:43  Orbital Command  
  20  1:47  Reaper  
  20  2:01  Supply Depot  
  20  2:04  Reaper  
  21  2:10  SCV  
  22  2:19  Reaper  
  23  2:36  Reaper  
  24  2:45  SCV  
  26  2:51  Command Center, Reaper  
  26  3:00  SCV  
  27  3:05  Factory  
  27  3:16  Factory  
  28  3:20  SCV  
  27  3:39  SCV  
  28  3:42  Barracks Tech Lab  
  28  3:45  Supply Depot  
  28  3:52  Factory Tech Lab  
  28  4:04  Orbital Command  
  28  4:06  SCV  
  29  4:10  Refinery  
  29  4:12  Refinery  
  29  4:16  Siege Tank  
  32  4:19  SCV  
  33  4:25  Orbital Command  
  33  4:27  Siege Tank  
  36  4:31  SCV  
  36  4:35  Barracks Reactor  
  37  4:43  SCV, Mag-Field Accelerator  
  38  4:48  Cyclone  
  38  4:51  SCV  
  42  4:55  SCV  
  42  4:59  Cyclone  
  46  5:03  SCV  
  47  5:08  SCV  
  47  5:12  Marine x2  
  50  5:15  Supply Depot, SCV  
  50  5:16  Engineering Bay  
  51  5:21  SCV  
  52  5:32  Supply Depot  
  52  5:36  SCV x2  
  52  5:37  Cyclone  
  52  5:40  Cyclone  
  60  5:51  SCV x2  
  60  5:53  Missile Turret  
  62  5:59  Marine x2  
  64  6:04  Supply Depot  
  64  6:09  Cyclone  
  67  6:11  SCV  
  68  6:23  SCV  
  69  6:28  Supply Depot, Cyclone  
  69  6:31  Command Center  
  72  6:41  Marine x2  
  64  6:54  Cyclone  
  67  7:03  Siege Tank  
  67  7:07  Marine x2  
  67  7:08  Factory, Starport  
  72  7:10  SCV x2  
  72  7:12  Factory  
  74  7:16  Supply Depot  
  74  7:22  SCV x2  
  76  7:27  Marine x2  
  76  7:28  Cyclone  
  81  7:34  SCV x2  
  83  7:37  Supply Depot  
  83  7:41  Liberator  
  83  7:44  Supply Depot  
  83  7:46  SCV, Orbital Command  
  84  7:55  Armory  
  84  7:57  Factory Tech Lab  
  87  8:03  Siege Tank  
  90  8:06  Siege Tank  
  90  8:10  Orbital Command  
  93  8:20  SCV x2  
  93  8:22  Hellion x2  
  93  8:24  Cyclone  
  102  8:31  Missile Turret  
  102  8:32  SCV  
  102  8:33  SCV  
  104  8:36  SCV  
  105  8:43  Missile Turret  
  105  8:44  Missile Turret  
  105  8:46  SCV, Hellion x2  
  105  8:47  Terran Vehicle And Ship Armor Level 1  
  110  8:49  Siege Tank  
  113  8:56  SCV x2  
  113  8:58  SCV  
  116  9:06  Missile Turret x2  
  116  9:08  Siege Tank, SCV x2  
  121  9:10  Refinery  
  121  9:11  Starport Reactor  
  121  9:13  SCV  
  121  9:14  Fusion Core  
  122  9:18  Refinery  
  122  9:20  SCV  
  123  9:30  Hellion  
  125  9:33  Supply Depot x2  
  125  9:37  Liberator  
  125  9:43  Infernal Pre-Igniter  
  125  9:44  Smart Servos  
  125  9:50  Liberator  
  125  9:51  Missile Turret  
  125  9:54  Siege Tank x2, SCV  
  125  9:55  Siege Tank, Hellion  
  88  10:33  Liberator  
  85  10:37  Liberator  
  85  10:39  Siege Tank x2, Cyclone  
  85  10:41  Hellion x2  
  95  10:48  SCV x2  
  97  10:50  Command Center x2  
  97  10:57  SCV  
  104  11:00  SCV  
  105  11:05  SCV  
  105  11:06  Sensor Tower  
  105  11:11  Siege Tank  
  109  11:14  Siege Tank x2, Hellion x2  
  119  11:23  Supply Depot  
  119  11:35  Liberator x2  
  119  11:36  Hellion x2  
  123  11:43  Hellion  
  123  11:46  Hellion x2  
  135  11:55  SCV x2  
  135  11:57  Hellion x2  
  141  12:05  Hellion  
  141  12:06  Command Center  
  141  12:07  Hellion  
  129  12:16  Siege Tank  
  129  12:17  Orbital Command  
  129  12:18  Hellion x2  
  136  12:26  Siege Tank  
  136  12:27  SCV  
  136  12:28  SCV x2  
  142  12:31  Drilling Claws  
  142  12:33  Siege Tank  
  145  12:38  Liberator x2  
  145  12:40  SCV x2  
  145  12:42  Refinery  
  147  12:48  Siege Tank  
  147  12:50  Sensor Tower  
  146  12:54  Hellion  
  146  12:55  Hellion  
  146  12:56  Refinery  
  146  12:58  Terran Vehicle And Ship Armor Level 2, Siege Tank  
  155  13:04  Starport  
  155  13:05  Siege Tank  
  157  13:16  Hellion x2  
  160  13:20  Hellbat  
  160  13:21  Liberator x2  
  159  13:28  SCV  
  159  13:30  Hellbat  
  162  13:34  Orbital Command  
  162  13:37  Hellbat x3  
  174  13:42  Siege Tank  
  174  13:46  Supply Depot  
  174  13:48  Supply Depot  
  177  13:50  Orbital Command  
  177  13:51  Siege Tank  
  177  13:52  Refinery  
  180  13:57  Starport Tech Lab  
  180  13:58  Hellion  
  180  13:59  Hellion x2  
  180  14:00  Starport  
  186  14:12  Hellion x9  
  186  14:14  Hellion  
  188  14:20  Hellion x2  
  178  14:29  Viking x2  
  168  14:38  SCV x3  
  157  14:51  Hellion x2  
  156  15:02  Thor x3  
  156  15:03  Viking x2  
  156  15:04  Viking  
  171  15:09  Orbital Command  
  171  15:13  Starport  
  171  15:14  Hellion  
  171  15:15  Hellion  
  171  15:32  Viking  
  171  15:33  Viking  
  171  15:35  Starport Reactor  
  173  15:36  Hellion x2  
  173  15:37  SCV x3  
  173  15:40  Refinery  
  173  15:41  Refinery  
  180  15:45  Hellion  
  180  15:46  Missile Turret  
  180  15:47  Missile Turret  
  180  15:48  Thor x2  
  194  15:50  Missile Turret  
  194  15:53  Missile Turret, SCV  
  194  15:54  SCV  
  194  15:55  SCV  
  194  15:56  SCV  
  198  15:57  Hellion  
  198  16:01  Starport Reactor  
  200  16:08  Missile Turret  
  200  16:10  Armory  
  200  16:12  Armory  
  174  16:59  Viking x3  
  174  17:00  Viking x3  
  113  17:16  SCV x2  
  113  17:17  Viking  
  113  17:22  Factory  
  117  17:23  Factory  
  117  17:24  SCV  
Show
View Real Time Build Order
Export as new Build Order

zuka Protoss - Winner!

Build Orders: 1 Gate Expand, Archon Immortal, Colossus Rush 

Get SALT Encoding   

  12  0:01  Probe  
  13  0:13  Probe  
  14  0:18  Pylon  
  14  0:25  Probe (Chrono Boost)  
  15  0:36  Probe (Chrono Boost)  
  15  0:39  Gateway  
  16  0:44  Probe  
  16  0:47  Assimilator  
  17  0:56  Probe (Chrono Boost)  
  18  1:08  Probe (Chrono Boost)  
  19  1:17  Probe (Chrono Boost)  
  20  1:28  Nexus  
  20  1:37  Cybernetics Core  
  20  1:38  Probe  
  21  1:44  Assimilator  
  21  1:48  Pylon  
  21  1:51  Probe  
  21  1:58  Pylon  
  21  2:03  Probe  
  22  2:13  Stalker (Chrono Boost)  
  22  2:15  Probe  
  24  2:35  Stalker (Chrono Boost)  
  25  2:43  Warp Gate  
  25  2:49  Shield Battery  
  25  2:56  Stalker (Chrono Boost)  
  27  3:04  Probe x2  
  29  3:16  Probe  
  30  3:22  Gateway  
  30  3:33  Shield Battery  
  30  3:36  Stalker (Chrono Boost)  
  32  3:42  Probe  
  34  3:54  Probe  
  34  3:57  Robotics Facility, Probe  
  35  4:06  Probe  
  35  4:09  Probe  
  37  4:18  Probe  
  37  4:19  Pylon  
  37  4:22  Probe  
  39  4:30  Probe  
  40  4:32  Adept x2  
  40  4:34  Probe  
  45  4:43  Probe (Chrono Boost)  
  45  4:44  Robotics Bay  
  46  4:46  Observer (Chrono Boost)  
  46  4:48  Probe (Chrono Boost)  
  50  5:00  Probe x2 (Chrono Boost)  
  50  5:04  Warp Prism (Chrono Boost)  
  52  5:09  Probe, Pylon  
  52  5:10  Probe  
  54  5:27  Probe  
  55  5:30  Pylon  
  55  5:35  Nexus  
  55  5:39  Colossus (Chrono Boost)  
  61  5:44  Extended Thermal Lance (Chrono Boost)  
  61  5:48  Probe x2  
  63  6:01  Probe x2  
  65  6:04  Forge  
  65  6:05  Forge  
  65  6:13  Probe  
  65  6:14  Probe  
  67  6:23  Pylon  
  67  6:24  Pylon  
  67  6:25  Probe  
  67  6:26  Probe  
  69  6:38  Probe  
  70  6:52  Stalker x2  
  72  6:55  Immortal (Chrono Boost)  
  72  6:56  Probe x2  
  72  7:00  Protoss Ground Armor Level 1 (Chrono Boost)  
  72  7:02  Gateway  
  72  7:04  Gateway, Probe  
  72  7:06  Gateway, Protoss Ground Weapons Level 1 (Chrono Boost)  
  72  7:07  Assimilator  
  72  7:08  Probe  
  74  7:09  Probe, Twilight Council  
  74  7:13  Assimilator  
  75  7:16  Probe  
  75  7:20  Probe  
  75  7:21  Probe  
  78  7:24  Zealot x2  
  78  7:28  Probe  
  87  7:30  Immortal (Chrono Boost)  
  87  7:37  Shield Battery  
  87  7:38  Probe  
  87  7:39  Shield Battery  
  87  7:42  Probe x2  
  90  7:50  Probe  
  91  7:54  Probe, Charge  
  93  8:01  Immortal (Chrono Boost)  
  93  8:02  Assimilator  
  96  8:06  Assimilator  
  96  8:08  Templar Archives  
  96  8:09  Pylon  
  96  8:11  Pylon, Zealot x2  
  100  8:20  Pylon  
  100  8:26  Shield Battery  
  100  8:28  Pylon  
  100  8:41  Zealot x5  
  100  8:44  Immortal  
  100  8:48  Gateway  
  114  8:49  Gateway  
  114  8:53  Gateway  
  114  8:55  Pylon  
  113  8:57  Pylon  
  113  9:02  Pylon, High Templar x2  
  115  9:03  High Templar x2  
  115  9:04  Zealot  
  115  9:08  Archon  
  115  9:09  Protoss Ground Weapons Level 2 (Chrono Boost)  
  123  9:21  Protoss Ground Armor Level 2 (Chrono Boost)  
  123  9:27  Archon  
  123  9:30  Immortal  
  127  9:32  Pylon  
  127  9:36  Gateway  
  127  9:37  Gateway  
  127  9:42  Nexus  
  127  9:44  Pylon  
  127  9:49  High Templar x2  
  127  9:50  Zealot  
  133  9:53  Archon  
  133  9:59  High Templar x2  
  137  10:00  Zealot  
  137  10:01  Zealot x2  
  137  10:03  Archon  
  119  10:15  Zealot  
  99  10:21  Stalker  
  99  10:22  Stalker x4  
  99  10:26  Immortal (Chrono Boost)  
  95  10:45  Zealot, High Templar x2  
  95  10:46  Zealot x4  
  95  10:49  Archon  
  109  10:57  High Templar x2  
  109  10:58  Assimilator, Zealot  
  109  10:59  Assimilator  
  109  11:01  Archon  
  115  11:05  Immortal (Chrono Boost)  
  119  11:18  Zealot x2  
  119  11:19  Zealot x4  
  119  11:24  Zealot x2  
  135  11:30  Zealot x4  
  139  11:41  Stalker x4  
  147  11:54  Stalker  
  147  11:55  Zealot x5  
  99  12:15  High Templar  
  99  12:16  High Templar x3  
  107  12:22  Stargate  
  107  12:23  Probe  
  107  12:24  Probe x2, Stargate  
  107  12:26  Stargate  
  107  12:27  Archon x2  
  110  12:36  Protoss Shields Level 1 (Chrono Boost)  
  110  12:41  Zealot x6  
  116  12:51  Pylon  
  116  12:53  Protoss Air Weapons Level 1 (Chrono Boost), Pylon, Probe x2  
  116  12:54  Probe x2  
  119  13:05  Probe  
  119  13:06  Probe x3  
  123  13:13  Fleet Beacon  
  124  13:20  Void Ray x2  
  124  13:24  Void Ray  
  125  13:27  Warp Prism (Chrono Boost)  
  127  13:45  Blink (Chrono Boost)  
  127  14:01  Cybernetics Core  
  127  14:03  Tempest x2  
  127  14:05  Photon Cannon  
  136  14:13  Tempest  
  89  14:32  Zealot x8  
  105  14:39  Stalker  
  105  14:40  Stalker  
  109  14:46  Tempest x2 (Chrono Boost)  
  109  14:52  Probe (Chrono Boost)  
  119  14:53  Probe (Chrono Boost)  
  119  14:54  Tempest (Chrono Boost), Probe (Chrono Boost)  
  124  15:00  Probe (Chrono Boost)  
  124  15:02  Assimilator  
  124  15:03  Probe (Chrono Boost)  
  127  15:09  Probe x3 (Chrono Boost)  
  127  15:12  Probe (Chrono Boost)  
  126  15:22  Probe x2  
  126  15:23  Probe x2  
  124  15:34  Probe  
  124  15:35  Tempest (Chrono Boost), Probe x2  
  137  15:43  Probe  
  137  15:46  Probe  
  137  15:47  Probe x2  
  137  15:48  Tempest (Chrono Boost)  
  137  15:49  Tempest (Chrono Boost)  
  146  16:00  High Templar x4  
  146  16:01  High Templar  
  146  16:02  High Templar  
  146  16:03  High Templar  
  160  16:04  High Templar  
  160  16:05  Archon x3  
  160  16:08  Archon  
  162  16:37  Zealot x6  
  171  16:49  Stalker x3  
  168  16:55  Zealot  
  142  17:04  High Templar x3  
  130  17:15  Archon  
  130  17:16  High Templar  
  130  17:17  Zealot x6  
  144  17:37  Stalker x5  
  150  17:45  Zealot x3  
  150  17:52  Archon  
  150  17:53  Stalker  
  150  17:54  Stalker  
Tags
 
Add a new tag
Caveats
  • Supply blocks, unpowered buildings, or Contaminate may cause inaccurate times.
  • Supply counts are checked every 10 seconds.